 Dungeon Crawl Stone Soup version 0.29-a0-517-gbdf32494f2 (webtiles) character file.

Game seed: 1244520492788668633

564300 spaghetti the Hoplite (level 26, -17/160 HPs)
             Began as a Vine Stalker Berserker on May 30, 2022.
             Was the Champion of Cheibriados.
             Killed from afar by a white draconian stormcaller (20 damage)
             ... on level 4 of the Realm of Zot.
             The game lasted 02:15:13 (52123 turns).

spaghetti the Hoplite (Vine Stalker Berserker)     Turns: 52123, Time: 02:15:14

Health: -17/160    AC: 43    Str: 38    XL:     26   Next: 75%
Magic:  0/42       EV: 51    Int: 28    God:    Cheibriados [******]
Gold:   9873       SH: 37    Dex: 56    Spells: 21/25 levels left

rFire   + . .      SeeInvis +   O - +9 double sword (protect) {longrare=g}
rCold   x . .      Faith    .   D - +3 tower shield of the Hurricane {Int+2}
rNeg    . . .      Spirit   +   g - +9 plate armour "Trusted Companion" {Will+ rCorr}
rPois   .          Reflect  .   p - +1 hat of Oily the Leaf {Dex+4 Stlth+}
rElec   +          Harm     .   F - +1 cloak of Starlight {*Dazzle EV+4 Stlth--}
rCorr   +          Rampage  .   c - +2 pair of gloves
Will    +++++                   Y - +4 pair of boots of the Apprentice {rElec MP+9 Int+4 SInv}
Stlth   ..........              v - amulet of Vitality {Regen+ HP+15}
HPRegen 1.96/turn               Z - ring of Ewer {Fly rF+ rC- AC+4 Dex+7}
MPRegen 0.28/turn               G - ring of the Harvest {EV+4 Dex+5}

@: lethally poisoned (-17 -> -18), flying, studying Staves, very slow
A: fangs 3, regeneration 1, magic shield, antimagic bite, no potion heal 2,
agile 1, strong-willed 1, wild magic 1
}: 3/15 runes: serpentine, barnacled, silver
a: Renounce Religion, Bend Time, Temporal Distortion, Slouch, Step From Time


You were on level 4 of the Realm of Zot.
You worshipped Cheibriados.
Cheibriados was exalted by your worship.
You visited 10 branches of the dungeon, and saw 50 of its levels.
You also visited: Ossuary and Desolation.

You collected 10205 gold pieces.
You spent 332 gold pieces at shops.


Innate Abilities, Weirdness & Mutations

You have razor-sharp teeth.
Your natural rate of healing is unusually fast.
When hurt, damage is shared between your health and your magic reserves.
Your bite disrupts and absorbs the magic of your enemies.
Potions cannot restore your health.
You are agile. (Dex +2)
You are strong-willed. (Will+)
Your spells are a little harder to cast, but a little more powerful.


   Skills:
 + Level 17.0 Fighting
 - Level 8.0(12.6) Short Blades
 - Level 15.2(16.0) Long Blades
 - Level 8.0 Throwing
 + Level 15.8 Armour
 + Level 19.4 Dodging
 - Level 21.4 Shields
 - Level 4.0 Unarmed Combat
 - Level 8.0 Transmutations
 - Level 12.0 Invocations


You had 21 spell levels left.
You knew the following spells:

 Your Spells              Type           Power      Damage    Failure   Level
a - Blink                 Tloc           0%         N/A       82%         2
b - Wereblood             Tmut           55%        N/A       7%          2

Your spell library contained the following spells:

 Spells                   Type           Power      Damage    Failure   Level
 Beastly Appendage        Tmut           100%       N/A       4%          1
 Passwall                 Tmut/Erth      24%        N/A       30%         2
 Spider Form              Tmut/Pois      29%        N/A       50%         3
 Apportation              Tloc           0%         N/A       67%         1
 Foxfire                  Conj/Fire      0%         2x1d4     67%         1
 Freeze                   Ice            0%         1d3       67%         1
 Necrotize                Necr           0%         1d4       67%         1
 Slow                     Hex            0%         N/A       67%         1
 Summon Small Mammal      Summ           0%         N/A       67%         1
 Ensorcelled Hibernation  Hex/Ice        0%         N/A       82%         2
 Poisonous Vapours        Pois/Air       0%         N/A       82%         2
 Static Discharge         Conj/Air       0%         N/A       82%         2
 Sublimation of Blood     Necr           0%         N/A       82%         2
 Ice Form                 Ice/Tmut       29%        N/A       87%         4
 Call Canine Familiar     Summ           0%         N/A       95%         3
 Confusing Touch          Hex            0%         N/A       95%         3
 Conjure Flame            Conj/Fire      0%         6-21      95%         3
 Gell's Gravitas          Tloc           0%         N/A       95%         3
 Inner Flame              Hex/Fire       0%         N/A       95%         3
 Lesser Beckoning         Tloc           0%         N/A       95%         3
 Ozocubu's Armour         Ice            0%         N/A       95%         3
 Stone Arrow              Conj/Erth      0%         3d7       95%         3
 Summon Guardian Golem    Hex/Summ       0%         N/A       95%         3
 Swiftness                Air            0%         N/A       95%         3
 Teleport Other           Tloc           0%         N/A       95%         3
 Vampiric Draining        Necr           0%         2d6       95%         3
 Alistair's Intoxication  Tmut/Pois      19%        N/A       99%         5
 Yara's Violent Unravell  Hex/Tmut       14%        3d7       99%         5
 Airstrike                Air            0%         N/A       100%        4
 Anguish                  Hex/Necr       0%         N/A       100%        4
 Animate Armour           Summ/Erth      0%         N/A       100%        4
 Animate Dead             Necr           0%         N/A       100%        4
 Cause Fear               Hex            0%         N/A       100%        4
 Corpse Rot               Necr/Pois/Air  0%         N/A       100%        4
 Dispel Undead            Necr           0%         3d6       100%        4
 Flame Wave               Conj/Fire      0%         2d4       100%        4
 Hailstorm                Conj/Ice       0%         3d3       100%        4
 Iskenderun's Mystic Bla  Conj/Tloc      0%         2d3       100%        4
 Sticky Flame             Conj/Fire      0%         2d3       100%        4
 Summon Ice Beast         Ice/Summ       0%         N/A       100%        4
 Summon Lightning Spire   Summ/Air       0%         N/A       100%        4
 Fireball                 Conj/Fire      0%         3d3       100%        5
 Lightning Bolt           Conj/Air       0%         1d11      100%        5
 Manifold Assault         Tloc           0%         N/A       100%        5
 Metabolic Englaciation   Hex/Ice        0%         N/A       100%        5
 Simulacrum               Ice/Necr       0%         N/A       100%        6
 Starburst                Conj/Fire      0%         6d3       100%        6
 Enfeeble                 Hex            0%         N/A       100%        7
 Haunt                    Necr/Summ      0%         N/A       100%        7
 Orb of Destruction       Conj           0%         9d5       100%        7
 Ozocubu's Refrigeration  Ice            0%         4d5       100%        7
 Spellforged Servitor     Conj/Summ      0%         N/A       100%        7
 Borgnjor's Revivificati  Necr           0%         N/A       100%        8
 Discord                  Hex            0%         N/A       100%        8
 Ignition                 Fire           0%         3d3       100%        8
 Infestation              Necr           0%         N/A       100%        8
 Lehudib's Crystal Spear  Conj/Erth      0%         10d2      100%        8

Inventory:

Hand Weapons
 j - a +9 quick blade {shortrare=g}
   (You acquired it on level 4 of the Dungeon)
 O - a +9 double sword of protection (weapon) {longrare=g}
   (Trog gifted it to you on level 2 of the Elven Halls)
Missiles
 a - 9 curare-tipped darts {=fthrowing}
 l - 284 stones {throwing}
 s - 69 poisoned darts {throwing}
 u - 14 atropa-tipped darts {throwing}
 x - 55 boomerangs (quivered) {throwing}
 P - 50 javelins {throwing}
 T - 14 throwing nets {=f!fthrowing}
 V - 6 silver javelins {throwing}
 X - 2 boomerangs of dispersal {=f!fthrowing}
Armour
 c - a +2 pair of gloves (worn)
   (You found it on level 7 of the Dungeon)
 g - the +9 plate armour "Trusted Companion" (worn) {Will+ rCorr}
   (You found it on level 12 of the Dungeon)

   rCorr:     It protects you from acid and corrosion.
   Will:      It increases your willpower.
 p - the +1 hat of Oily the Leaf (worn) {Dex+4 Stlth+}
   (You found it on level 1 of the Snake Pit)

   Dex:       It affects your dexterity (+4).
   Stlth:     It makes you more stealthy.
 D - the +3 tower shield of the Hurricane (worn) {Int+2}
   (You found it on level 1 of the Elven Halls)

   Int:       It affects your intelligence (+2).
 F - the +1 cloak of Starlight (worn) {*Dazzle EV+4 Stlth--}
   (You found it on level 4 of the Vaults)

   It may blind those who miss an attack against the wearer in melee combat.
   EV:        It affects your evasion (+4).
   Stlth:     It makes you much less stealthy.
 U - +0 gold dragon scales {rare}
   (You found it on level 1 of the Realm of Zot)
 Y - the +4 pair of boots of the Apprentice (worn) {rElec MP+9 Int+4 SInv}
   (You found it on level 12 of the Dungeon)

   Int:       It affects your intelligence (+4).
   rElec:     It insulates you from electricity.
   MP:        It affects your magic capacity (+9).
   SInv:      It lets you see invisible.
Magical Staves
 n - a staff of fire {!astaff}
   (You found it on level 2 of the Depths)
Jewellery
 b - the ring of Bemigues {*Slow Fly rN+++ Int-3 Slay+4}
   (You found it in the Desolation of Salt)

   [ring of flight]

   Int:       It affects your intelligence (-3).
   Slay:      It affects your accuracy & damage with ranged weapons and melee
   (+4).
   rN:        It renders you almost immune to negative energy.
   Fly:       It grants you flight.
   *Slow:     It may slow you when you take damage.
 f - the ring of Giususch {Dex+2 Slay+4}
   (You found it on level 3 of the Elven Halls)

   [ring of slaying]

   Dex:       It affects your dexterity (+2).
   Slay:      It affects your accuracy & damage with ranged weapons and melee
   (+4).
 v - the amulet of Vitality (around neck) {Regen+ HP+15}
   (You took it off a deep elf archer on level 3 of the Elven Halls)

   [amulet of regeneration]

   HP:        It affects your health (+15).
   Regen:     It increases your rate of health regeneration.
 A - the ring of the Tortoise {AC+8}
   (You found it on level 1 of the Elven Halls)

   [ring of protection]

   AC:        It affects your AC (+8).
 G - the ring of the Harvest (right hand) {EV+4 Dex+5}
   (You found it in the Desolation of Salt)

   [ring of evasion]

   EV:        It affects your evasion (+4).
   Dex:       It affects your dexterity (+5).
 W - the ring "Wyariech" {rElec rPois Will++ EV+4 Int-3}
   (You took it off a tengu reaver on level 5 of the Vaults)

   [ring of evasion]

   EV:        It affects your evasion (+4).
   Int:       It affects your intelligence (-3).
   rElec:     It insulates you from electricity.
   rPois:     It protects you from poison.
   Will:      It greatly increases your willpower.
 Z - the ring of Ewer (left hand) {Fly rF+ rC- AC+4 Dex+7}
   (You found it on level 2 of the Crypt)

   [ring of protection]

   AC:        It affects your AC (+4).
   Dex:       It affects your dexterity (+7).
   rF:        It protects you from fire.
   rC:        It makes you vulnerable to cold.
   Fly:       It grants you flight.
Wands
 t - a wand of flame (19)
   (You found it on level 2 of the Depths)
 R - a wand of iceblast (6)
   (You found it on level 2 of the Depths)
 S - a wand of acid (10)
   (You found it on level 3 of the Depths)
Scrolls
 i - 9 scrolls of magic mapping {!r}
 o - 6 scrolls of poison {!r}
 q - 31 scrolls of identify {@r1}
 z - 7 scrolls of enchant weapon
 C - 8 scrolls of immolation {!r!r}
 H - 10 scrolls of fog
 K - 12 scrolls of blinking {!r}
 L - 5 scrolls of vulnerability {!r!r}
 M - 25 scrolls of teleportation {@r4}
 N - 3 scrolls of summoning
 Q - 12 scrolls of fear
Potions
 d - 27 potions of curing {@q1}
 e - 6 potions of cancellation
 h - 3 potions of invisibility
 k - 9 potions of mutation {!q}
 m - 7 potions of magic
 r - 7 potions of ambrosia
 w - a potion of heal wounds {@q2}
 B - 14 potions of lignification {!q}
 E - 5 potions of might
 I - 6 potions of attraction {!q}
 J - 7 potions of resistance
Miscellaneous
 y - a condenser vane
   (You found it on level 15 of the Dungeon)

Dungeon Overview and Level Annotations

Branches:
Dungeon (15/15)            Temple (0/1) D:6            Lair (6/6) D:11
 Shoals (4/4) Lair:2        Snake (4/4) Lair:3          Orc (2/2) D:9
    Elf (3/3) Orc:2        Vaults (5/5) D:13          Crypt (3/3) Vaults:3
   Tomb (0/3) Crypt:3      Depths (4/4) D:15            Zot (4/5) Depths:4
Ossuary (visited)         Desolation (visited)
  Slime: Lair:5-6

Altars:
Cheibriados
Elyvilon
Gozag
Nemelex Xobeh
Okawaru
Vehumet
Xom
Yredelemnul
Beogh
Lugonu

Shops:
D:7 (   D:8 (   D:12 ?!(   D:15 =   Orc:2 :*((   Snake:2 :   Vaults:1 (
Vaults:2 (   Vaults:3 (   Depths:1 =:=[

Portals:
Hell: Depths:1 Depths:2 Depths:3 Depths:4
Abyss: Depths:3 Depths:4
Pandemonium: Depths:2 Depths:4
Ziggurat: Depths:3

Annotations:
D:9 exclusion: downstairs
D:12 3 runed translucent doors, exclusion: obsidian statue, Bezofud's ghost, journeyman TrWr
D:13 2 exclusions
D:15 1 exclusion
Lair:1 1 exclusion
Lair:2 1 exclusion
Lair:5 1 exclusion
Shoals:4 1 exclusion
Orc:1 1 exclusion
Elf:1 1 runed translucent door, 3 exclusions
Elf:2 3 runed translucent doors
Elf:3 1 exclusion
Vaults:3 3 exclusions
Vaults:5 1 exclusion
Depths:2 1 exclusion
Depths:3 exclusion: floating eye

...##..####....
...............
...............
..^............
.###......###...###..
.#q#......#q#........
.###..≈...###........
......≈@..........###
......>...........#q#
.......⌠..........###
.###......###........
.#q#......#q#§≈......
.###......###...###..
.........kk...≈.#q#..
.........[......###..
...................


You could see 3 draconians, a red draconian scorcher, a rime drake (summoned,
confused) and a swamp drake (summoned).


Message History

You slash the moth of wrath! You bite the moth of wrath!! You drain its power.
You feel invigorated.
You feel very sick.
The moth of wrath goads the rime drake on!
The rime drake goes berserk!
Unknown command.
You open the moth of wrath like a pillowcase!!!
You kill the moth of wrath!
Cheibriados thoroughly appreciates the change of pace.
You feel sick. You block the rime drake's attack.
The swamp drake breathes poison at you.
The noxious blast engulfs the rime drake but does no damage.
The rime drake is poisoned. 😮 HP[-2] MP[+9]
You take 2 damage, and now have 100/160 hp.
Your mp is fully restored (42).
The rime drake attacks as you move away!
You block the rime drake's attack.
You feel very sick.
The rime drake is engulfed in noxious fumes.
The rime drake appears confused.
The rime drake is engulfed in noxious fumes.
The rime drake appears confused.
The rime drake is engulfed in noxious fumes.
The rime drake appears confused.
You block the rime drake's attack.
The rime drake is engulfed in noxious fumes. 😮 HP[-1]
You take 1 damage, and now have 99/160 hp.
A white draconian stormcaller comes into view.
It is wielding a +0 dagger.
You feel very sick.
The white draconian stormcaller roars!
The rime drake is engulfed in noxious fumes.
The rime drake rages.
The white draconian stormcaller invokes the aid of Qazlal against you.
Qazlal smites you!
The rime drake is engulfed in noxious fumes.
The swamp drake breathes poison at you. The noxious blast misses you.
The rime drake is engulfed in noxious fumes. x2
The rime drake appears confused. 😮 HP[-6] MP[-4]
You take 6 damage, and now have 93/160 hp.
You lost 4 mp, and now have 38/42 mp.
Unknown command.
A white draconian stormcaller comes into view.
It is wielding a +0 whip.
You are engulfed in noxious fumes.
You feel very sick.
The white draconian stormcaller roars!
The rime drake looks more healthy.
The white draconian stormcaller calls down the wrath of Qazlal upon you.
The blast of magma engulfs you! You partially resist.
The red draconian scorcher gestures at you while chanting.
The sphere of damnation explodes!
The damnation engulfs you!
* * * LOW HITPOINT WARNING * * *
The white draconian stormcaller mumbles some strange prayers to Qazlal against you.
Qazlal smites you!
* * * LOW HITPOINT WARNING * * *
The red draconian scorcher points at you and mumbles some strange words.
The sphere of damnation explodes!
The damnation engulfs you!!
* * * LOW HITPOINT WARNING * * *
The rime drake is engulfed in noxious fumes.
The rime drake appears confused.
You hear a roar!
You feel sick.
The rime drake rages.
You block the rime drake's attack.
The red draconian scorcher gestures at you while chanting.
The sphere of damnation explodes!
The damnation engulfs you!!
* * * LOW HITPOINT WARNING * * *
The damnation engulfs the rime drake!!
The red draconian scorcher gestures at you while chanting.
The sphere of damnation explodes!
The damnation engulfs you!!
* * * LOW HITPOINT WARNING * * *
The damnation engulfs the rime drake!!
The white draconian stormcaller calls down the wrath of Qazlal upon you.
Qazlal smites you!
* * * LOW HITPOINT WARNING * * *
😱 HP[-83] MP[-35]
You take 83 damage, and now have 10/160 hp.
MASSIVE DAMAGE!! (PAUSE)
You lost 35 mp, and now have 3/42 mp.
Okay, then.
Okay, then.
Okay, then.
Really read
K - 13 scrolls of blinking {!r}?
Blink to where?
Press: ? - help, Dir - move target A white draconian stormcaller comes into view.
It is wielding a +0 rapier.
As you read the scroll of blinking {!r}, it crumbles to dust.
You feel sick.
The white draconian stormcaller roars!
The white draconian stormcaller mumbles some strange prayers to Qazlal against you.
Qazlal smites you!
* * * LOW HITPOINT WARNING * * *
😱 HP[-9] MP[-3]
You take 9 damage, and now have 1/160 hp.
You lost 3 mp, and now have 0/42 mp.
The white draconian stormcaller calls down the wrath of Qazlal upon you.
The blast of magma engulfs you!! You partially resist.
You die...

Skill      XL: |  1  2  3  4  5  6  7  8  9 10 11 12 13 14 15 16 17 18 19 20 21 22 23 24 25 26 |
---------------+-------------------------------------------------------------------------------+-----
Armour         | 2 3 7 10 11 13 14 15 | 15.8
Unarmed Combat | 4 |  4.0
Throwing       | 1 2 8 |  8.0
Short Blades   | 2 3 5 6 8 |  8.0
Fighting       | 5 8 9 11 13 14 15 16 17 | 17.0
Dodging        | 4 9 11 14 15 16 17 18 19 | 19.4
Shields        | 9 10 13 15 18 20 21 | 21.4
Invocations    | 3 9 12 | 12.0
Transmutations | 5 7 8 |  8.0
Long Blades    | 2 12 15 | 15.2

Action                   |  1- 3 |  4- 6 |  7- 9 | 10-12 | 13-15 | 16-18 | 19-21 | 22-24 | 25-27 || total
-------------------------+-------+-------+-------+-------+-------+-------+-------+-------+-------++-------
Melee: Unarmed           |   117 |     3 |       |       |       |       |       |       |       ||   120
       Bite              |    21 |    32 |    94 |   238 |   792 |   844 |  1427 |  1580 |   622 ||  5650
       Punch             |     3 |     2 |    12 |    29 |    85 |    14 |       |       |       ||   145
       Short sword       |       |    52 |       |       |       |       |       |       |       ||    52
       Quick blade       |       |    82 |   325 |   574 |  1559 |  1757 |  2272 |  2340 |       ||  8909
       Double sword      |       |       |       |       |       |       |       |    35 |   973 ||  1008
Throw: Stone             |       |       |       |       |       |     8 |       |       |       ||     8
       Boomerang         |       |       |       |       |       |       |     7 |     6 |       ||    13
       Dart              |       |       |       |       |       |       |     5 |       |       ||     5
 Cast: Wereblood         |       |       |       |       |       |       |       |     6 |     3 ||     9
Invok: Berserk           |       |     4 |     4 |     8 |     8 |     9 |       |       |       ||    33
       Trog's Hand       |       |       |       |     2 |     1 |     4 |       |       |       ||     7
       Brothers in Arms  |       |       |       |     3 |     1 |     8 |       |       |       ||    12
       Slouch            |       |       |       |       |       |       |    10 |     1 |     4 ||    15
       Bend Time         |       |       |       |       |       |       |       |     1 |       ||     1
  Use: Scroll            |       |    11 |    10 |     7 |     9 |     7 |     1 |     8 |     1 ||    54
       Potion            |       |       |     3 |       |       |       |       |     1 |     4 ||     8
 Stab: Sleeping          |     1 |       |     1 |     4 |       |       |       |       |       ||     6
       Distracted        |       |       |       |       |       |     3 |       |     1 |       ||     4
       Invisible         |       |       |       |       |       |       |    20 |    56 |    42 ||   118
Armor: Chain mail        |    84 |    62 |    40 |       |       |       |       |       |       ||   186
       Steam dragon scal |       |       |    13 |    42 |       |       |       |       |       ||    55
       Acid dragon scale |       |       |       |    46 |       |       |       |       |       ||    46
       Plate armour      |       |       |       |       |   309 |   624 |   622 |   159 |   134 ||  1848
Dodge: Dodged            |    41 |    52 |    68 |   254 |   556 |   778 |  1846 |   841 |  1024 ||  5460
Block: Other             |       |    39 |    37 |       |       |       |       |       |       ||    76
       Reflection        |       |     1 |       |       |       |       |       |       |       ||     1
       Buckler           |       |       |       |       |       |    29 |       |       |       ||    29
       Tower shield      |       |       |       |       |       |   972 |  2970 |  2343 |  1824 ||  8109

Levels and vault maps discovered:
D:1:      erik_arrival_triangle_small, layout_basic,
          shapermc_ecumenical_altar_ellora, corexii_leaking_fountain,
          chequers_mini_garden
D:2:      layout_basic, dreamdust_princess_bridge, minmay_ruptured
D:3:      layout_basic, xom_butterflies, kennysheep_crisscross, chequers_garden,
          chequers_big_river
D:4:      layout_basic, kennysheep_small_spiral, minmay_misc_feat_rugged,
          minivault_5, sigmund_army
D:5:      layout_basic, nicolae_ossuary_entry_ruins, uniq_blork_the_orc
D:6:      layout_basic, minmay_temple_entry_waves
D:7:      layout_layer_cave, serial_shops, nicolae_shop_bloodbath_and_beyond
D:8:      layout_loops_corners, serial_shops, shop_fountains,
          kennysheep_generic_room_15
D:9:      layout_basic, zombieorc1_lemuel, hangedman_ranch
D:10:     layout_cave_pods, uniq_josephine, uniq_grum
D:11:     layout_stronghold, erik_lair_island
D:12:     evilmike_iron_armoury, layout_grid_maze, ebering_ghost_gozag,
          serial_shops, shop, shop, shop, st_stairs_8, minmay_ruined_shrine,
          uniq_fannar
D:13:     layout_basic, grunt_vaults_entry_fortified, serial_glass,
          glass_columns_a, glass_columns_a, glass_columns_b, glass_columns_a,
          glass_columns_b, glass_columns_a, glass_columns_b, glass_columns_a,
          glass_columns_a, glass_columns_a, feat_on_display,
          minmay_strange_pillars, item_on_display_a, minmay_strange_pillars,
          uniq_azrael
D:14:     layout_loops_ring, dk_noncrumbling_2
D:15:     grunt_enter_depths_giant_problem, layout_gridville, eino_curves_02,
          serial_shops, shop, uniq_agnes
Lair:1:   layout_loops_ring, serial_bayou_lagoon_a
Lair:2:   layout_cave_pods, elwin_shoals_entry_stream, worms_lemuel,
          grunt_megastairs_5
Lair:3:   layout_cave_shapes, guppyfry_snake_entry_island,
          lemuel_altar_in_water2
Lair:4:   nzn_winding_woodlands_three_and_one [nzn_winding_woodlands_5x15_eye,
          nzn_winding_woodlands_5x15_pathside_ponds,
          nzn_winding_woodlands_5x15_sawtooth,
          nzn_winding_woodlands_center_garden], layout_loops_ring,
          serial_rivers, chequers_serial_rivers_room_b,
          chequers_serial_rivers_room_b, chequers_serial_rivers_small_b,
          chequers_serial_rivers_micro_e
Lair:5:   layout_hall_layers, serial_bayou_pond_b,
          chequers_serial_rivers_room_a, grunt_megastairs_1,
          serial_bayou_shore_a
Lair:6:   grunt_lair_end_beastmaster, layout_misc_corridors, slime_altar_1,
          gauntlet_entry_generic, gammafunk_ghost_wrathful_warriors
Shoals:1: layout_shoals, st_sunken_temple
Shoals:2: layout_shoals
Shoals:3: layout_shoals, nicolae_shoals_loop_pool
Shoals:4: shoals_end_simple, layout_shoals, nicolae_splish_splash
Snake:1:  layout_cave_shapes, drop_trap, uniq_louise, uniq_mlioglotl
Snake:2:  layout_chambers, serial_shops,
          nicolae_shop_temple_entry_statues_fountains
Snake:3:  layout_chambers, portal_ice_cave_entry_ice_statue_one,
          nicolae_snake_salamander_zone
Snake:4:  snake_pit_salamanders_mu, layout_misc_corridors, grunt_ministairs_13,
          nicolae_snake_horde_hoard, uniq_vashnia
Orc:1:    layout_diamond_mine, mines2_lemuel
Orc:2:    st_orc_open, layout_caves, basic_altar, abandoned_shop
Elf:1:    nicolae_elf_arrival_dilemma, layout_geoelf_diagonals,
          evilmike_minifort, lemuel_upstairs_altar
Elf:2:    nicolae_elf_blades_crystal_corner, layout_geoelf_grid, st_stairs_14,
          nicolae_elf_big_sculpture_3, minivault_16, billiards_dpeg
Elf:3:    minmay_elf_hall_hex, layout_loops_cross, minivault_16,
          nicolae_elf_glass_and_crystal_pillar_1, minivault_11
Vaults:1: st_hourglassy, hangedman_vaults_slither, v_misc_24,
          hangedman_vaults_trim, ontoclasm_vaults_decontamination,
          hangedman_vaults_capsules, nicolae_vaults_yaktaur_gun_rack,
          vaults_room_corners, v_pattern_4, nicolae_vaults_asterisk,
          layout_vaults_omnibox, serial_shops, shop
Vaults:2: lightli_enter_wizlab_magi_temple, kb_rosetta,
          nicolae_vaults_little_ls, ontoclasm_vaults_misaligned,
          ontoclasm_vaults_shuriken, nicolae_vaults_ring_of_whatevers,
          v_misc_10, layout_vaults_omnigrid, serial_shops,
          nicolae_shop_statue_plus
Vaults:3: portal_desolation_entry_nicolae_nacl, blue_anna_dwarven_crypt,
          v_misc_19, nicolae_vaults_shelves_hall, v_pattern_1,
          nicolae_vaults_little_squares_5, ontoclasm_vaults_spin,
          vaults_mumra_chevron, ontoclasm_vaults_idyll, layout_vaults_big_room,
          serial_shops, shop, uniq_donald
Vaults:4: nicolae_vaults_inception_statues, nicolae_vaults_little_squares_6,
          ontoclasm_vaults_ring_small, v_misc_12, ontoclasm_vaults_pinch,
          ontoclasm_vaults_ligature, nicolae_vaults_border_crossing,
          ontoclasm_vaults_gateway, grunt_vaults_hallway_short,
          layout_vaults_omnicross
Vaults:5: serial_shops
Crypt:1:  layout_misc_corridors, nicolae_crypt_small_crypt, uniq_mennas,
          uniq_frederick
Crypt:2:  layout_basic, grunt_megastairs_4
Crypt:3:  cryptofortress_bobbens, uniq_margery, uniq_zenata
Depths:1: layout_big_octagon, minmay_misc_feat_hallway, serial_shops,
          shop_fountains, grunt_mini_vestibule, minivault_22,
          nemelex_diamond_rough_becter, serial_bayou_shore_b, firewood_loft,
          infiniplex_staircase_pool_lava, minmay_shop_grove
Depths:2: hangedman_pleasuredromes, pan_entry, hell_entry
Depths:3: grunt_forest_end_shrine, layout_basic, enter_ziggurat_c,
          nicolae_abyss_entry_one_way_or_another, hangedman_coc_ice_floe,
          uniq_sojobo
Depths:4: grunt_zot_entry_gee_three, layout_cave_pools, pf_hell_entry_great_geh,
          abyss_entry_flame_altar, corexii_hall_statues_t, pan_entry,
          serial_bayou_shore_b, serial_bayou_shore_b, uniq_enchantress, uniq_vv
Zot:1:    layout_concentric_octagons
Zot:2:    layout_gridlike, hangedman_elemental_grid_stream, grunt_megastairs_3
Zot:3:    layout_misc_corridors, uniq_josephina
Zot:4:    lemuel_draconian_sentries, layout_cathedral_of_symmetry,
          st_single_dragon_hoard_3, st_stairs_6

Notes
Turn   | Place    | Note
-------+----------+-------------------------------------------
     0 | D:1      | spaghetti the Vine Stalker Berserker began the quest for
                  | the Orb.
     0 | D:1      | Reached XP level 1. HP: 11/11 MP: 2/2
     0 | D:1      | magus.rc [v1.9.6]
   212 | D:1      | Reached XP level 2. HP: 15/16 MP: 3/3
   245 | D:1      | Reached skill level 2 in Armour
   268 | D:1      | Found a faded altar of an unknown god.
   658 | D:1      | Reached XP level 3. HP: 12/19 MP: 4/4
  1099 | D:2      | Reached ** piety under Trog
  1842 | D:2      | You fall into a shaft and drop 2 floors!
  1873 | D:4      | Gained mutation: Your natural rate of healing is unusually
                  | fast. [Vine Stalker growth]
  1873 | D:4      | Reached XP level 4. HP: 23/23 MP: 5/5
  1875 | D:4      | Reached skill level 4 in Unarmed Combat
  2403 | D:3      | Reached skill level 1 in Throwing
  2511 | D:3      | Identified the ring "Kuoru" {rElec rN+}
  2529 | D:3      | Reached skill level 3 in Armour
  2540 | D:3      | Found a shimmering altar of Xom.
  3008 | D:4      | Reached *** piety under Trog
  3013 | D:4      | Identified a scroll of acquirement
  3014 | D:4      | Acquired a +4 quick blade
  3015 | D:4      | j - a +4 quick blade {shortrare=g}
  3016 | D:4      | j - a +4 quick blade (weapon) {shortrare=g}
  3096 | D:4      | HP: 2/34 [gnoll/+0 scythe (7)]
  3159 | D:4      | You pick up a book of Flames {forbidden} and begin
                  | reading...
  3159 | D:4      | You add the spells Foxfire, Conjure Flame, Inner Flame and
                  | Flame Wave to your library.
  3212 | D:4      | Noticed an ogre
  3221 | D:4      | Killed an ogre
  3222 | D:4      | Reached skill level 2 in Short Blades
  3222 | D:4      | Reached XP level 5. HP: 27/27 MP: 6/6
  3659 | D:5      | Entered Level 5 of the Dungeon
  3765 | D:5      | Reached skill level 3 in Short Blades
  3765 | D:5      | Reached XP level 6. HP: 24/32 MP: 3/7
  3858 | D:5      | Noticed Blork the orc
  3869 | D:5      | Killed Blork the orc
  3938 | D:5      | Reached skill level 4 in Short Blades
  4016 | D:5      | Reached skill level 5 in Short Blades
  4016 | D:5      | Reached XP level 7. HP: 35/35 MP: 8/8
  4036 | D:5      | your +4 quick blade {shortrare=g} glows red for a moment.
  4059 | D:5      | You pick up a book of Dreams {forbidden} and begin
                  | reading...
  4059 | D:5      | You add the spells Ensorcelled Hibernation, Spider Form and
                  | Anguish to your library.
  4071 | D:5      | Found a sand-covered staircase.
  4164 | Ossuary  | Entered an ossuary
  4414 | D:5      | your +5 quick blade {shortrare=g} glows red for a moment.
  4679 | D:6      | Reached skill level 6 in Short Blades
  4841 | D:6      | Found a staircase to the Ecumenical Temple.
  4889 | D:6      | Gained mutation: You have razor-sharp teeth. [Vine Stalker
                  | growth]
  4889 | D:6      | Reached XP level 8. HP: 39/39 MP: 7/9
  5383 | D:7      | Found Moits's Weapon Boutique.
  5397 | D:7      | Reached skill level 7 in Short Blades
  5425 | D:7      | Reached **** piety under Trog
  5426 | D:7      | Reached skill level 8 in Short Blades
  5426 | D:7      | Reached skill level 3 in Fighting
  5641 | D:7      | Reached skill level 4 in Fighting
  5709 | D:7      | Reached skill level 5 in Fighting
  5709 | D:7      | Reached XP level 9. HP: 34/47 MP: 10/10
  5850 | D:7      | Reached skill level 6 in Fighting
  6615 | D:8      | You pick up a book of Displacement {forbidden} and begin
                  | reading...
  6615 | D:8      | You add the spells Lesser Beckoning, Gell's Gravitas and
                  | Teleport Other to your library.
  6658 | D:8      | Reached skill level 7 in Fighting
  6689 | D:8      | You pick up a book of Spatial Translocations {forbidden}
                  | and begin reading...
  6689 | D:8      | You add the spells Blink and Manifold Assault to your
                  | library.
  6958 | D:8      | Reached skill level 8 in Fighting
  6968 | D:8      | Reached skill level 2 in Dodging
  7050 | D:8      | Gained mutation: You occasionally shout uncontrollably at
                  | your foes. [potion of mutation]
  7051 | D:8      | Lost mutation: You occasionally shout uncontrollably at
                  | your foes. [potion of mutation]
  7051 | D:8      | Gained mutation: Your flesh is cold resistant. (rC+)
                  | [potion of mutation]
  7051 | D:8      | Gained mutation: You are occasionally teleported next to
                  | monsters. [potion of mutation]
  7051 | D:8      | Gained mutation: You are agile. (Dex +2) [potion of
                  | mutation]
  7052 | D:8      | Lost mutation: You are occasionally teleported next to
                  | monsters. [potion of mutation]
  7052 | D:8      | Lost mutation: Your flesh is cold resistant. (rC+) [potion
                  | of mutation]
  7052 | D:8      | Gained mutation: You are robust. (+10% HP) [potion of
                  | mutation]
  7052 | D:8      | Gained mutation: You are strong-willed. (Will+) [potion of
                  | mutation]
  7052 | D:8      | Gained mutation: Your spells are a little harder to cast,
                  | but a little more powerful. [potion of mutation]
  7125 | D:8      | Reached skill level 3 in Dodging
  7322 | D:8      | Reached skill level 4 in Dodging
  7376 | D:8      | Reached XP level 10. HP: 59/61 MP: 9/11
  7462 | D:8      | Found Juxinn's Weapon Shoppe.
  7652 | D:9      | Reached skill level 5 in Dodging
  7767 | D:9      | Reached ***** piety under Trog
  7808 | D:9      | Reached skill level 6 in Dodging
  7845 | D:9      | Noticed a two-headed hydra
  7853 | D:9      | Killed a two-headed hydra
  7854 | D:9      | Reached skill level 7 in Dodging
  7952 | D:9      | Found a staircase to the Orcish Mines.
  8083 | D:9      | Reached skill level 8 in Dodging
  8305 | D:10     | Entered Level 10 of the Dungeon
  8320 | D:10     | Paralysed by a hornet for 1 turns
  8453 | D:10     | Noticed a centaur warrior
  8457 | D:10     | Noticed a manticore
  8462 | D:10     | Killed a centaur warrior
  8463 | D:10     | Reached skill level 9 in Dodging
  8463 | D:10     | Reached XP level 11. HP: 42/66 MP: 8/12
  8472 | D:10     | Killed a manticore
  8654 | D:10     | Noticed Josephine
  8672 | D:10     | Killed Josephine
  8673 | D:10     | Reached skill level 10 in Dodging
  8828 | D:10     | your +6 quick blade {shortrare=g} glows red for a moment.
  8863 | D:10     | Noticed Grum
  8886 | D:10     | Killed Grum
  9331 | D:11     | Reached skill level 11 in Dodging
  9331 | D:11     | Reached ****** piety under Trog
  9414 | D:11     | Found a staircase to the Lair.
  9519 | D:11     | your +7 quick blade {shortrare=g} glows red for a moment.
  9559 | D:11     | Noticed a two-headed ogre
  9568 | D:11     | Killed a two-headed ogre
  9569 | D:11     | Reached XP level 12. HP: 48/70 MP: 10/13
  9758 | D:11     | Reached skill level 12 in Dodging
  9878 | D:11     | Received a gift from Trog
 10304 | D:12     | Found Xeem's Antique Weapon Shop.
 10371 | D:12     | Noticed a boulder beetle
 10371 | D:12     | Noticed Fannar
 10373 | D:12     | Noticed a four-headed hydra
 10374 | D:12     | Noticed a five-headed hydra
 10375 | D:12     | Noticed an eight-headed hydra
 10381 | D:12     | Noticed a two-headed ogre
 10397 | D:12     | Killed Fannar
 10408 | D:12     | Killed a four-headed hydra
 10418 | D:12     | Reached skill level 13 in Dodging
 10427 | D:12     | Killed a boulder beetle
 10430 | D:12     | HP: 24/105 [red ugly thing (10)]
 10439 | D:12     | Killed a two-headed ogre
 10442 | D:12     | HP: 21/105 [eight-headed hydra (6)]
 10445 | D:12     | Killed an eight-headed hydra
 10448 | D:12     | HP: 9/70 [five-headed hydra (2)]
 10451 | D:12     | Found a snail-covered altar of Cheibriados.
 10649 | D:12     | Found Voyg's Magic Scroll Shoppe.
 10655 | D:12     | Bought a scroll of teleportation for 39 gold pieces
 10655 | D:12     | Bought a scroll of teleportation for 39 gold pieces
 10655 | D:12     | Bought a scroll of teleportation for 39 gold pieces
 10655 | D:12     | Bought a scroll of teleportation for 39 gold pieces
 10655 | D:12     | Bought a scroll of identify for 26 gold pieces
 10704 | D:12     | Killed a five-headed hydra
 10739 | D:12     | Found a runed translucent gate.
 10739 | D:12     | Found a runed translucent gate.
 10739 | D:12     | Found a runed translucent gate.
 10740 | D:12     | Found an opulent altar of Gozag.
 10878 | D:12     | Noticed a fire giant
 10881 | D:12     | Noticed Bezofud's ghost (journeyman TrWr)
 10882 | D:12     | Noticed a two-headed ogre
 10987 | D:12     | Reached skill level 14 in Dodging
 11043 | D:12     | Noticed a centaur warrior
 11047 | D:12     | Killed a centaur warrior
 11109 | D:12     | Noticed an orc warlord
 11110 | D:12     | Found an iron altar of Okawaru.
 11115 | D:12     | Reached XP level 13. HP: 73/74 MP: 7/14
 11132 | D:12     | Killed an orc warlord
 11224 | D:12     | Identified the +0 cloak "Cuqafeul" {Contam Rampage rElec
                  | rPois}
 11236 | D:12     | Identified the +4 pair of boots of the Apprentice {rElec
                  | MP+9 Int+4 SInv}
 11305 | D:12     | Identified the +3 leather armour of Hadjma {rPois Dex+2}
 11319 | D:12     | Identified the +9 plate armour "Trusted Companion" {Will+
                  | rCorr}
 11467 | D:12     | Found Curun's Distillery.
 11696 | D:12     | Reached skill level 4 in Armour
 11879 | D:13     | Noticed Azrael
 11892 | D:13     | Killed Azrael
 11920 | D:13     | Received a gift from Trog
 12066 | D:13     | Reached skill level 5 in Armour
 12072 | D:13     | Noticed a vault guard
 12113 | D:13     | Reached skill level 6 in Armour
 12225 | Lair:1   | Entered Level 1 of the Lair of Beasts
 12229 | Lair:1   | You pick up a book of Burglary {forbidden} and begin
                  | reading...
 12229 | Lair:1   | You add the spells Passwall and Swiftness to your library.
 12688 | Lair:1   | your +8 quick blade {shortrare=g} glows red for a moment.
 13107 | Lair:2   | Reached skill level 7 in Armour
 13147 | Lair:2   | Reached skill level 9 in Fighting
 13427 | Lair:2   | Reached XP level 14. HP: 64/82 MP: 15/15
 13614 | Lair:2   | Reached skill level 8 in Armour
 13753 | Lair:2   | Reached skill level 10 in Fighting
 13764 | Lair:2   | Found a staircase to the Shoals.
 14203 | Lair:3   | Received a gift from Trog
 14210 | Lair:3   | You fall into a shaft and drop 3 floors!
 14210 | Lair:6   | Entered Level 6 of the Lair of Beasts
 14349 | Lair:5   | Reached skill level 9 in Armour
 14472 | Lair:5   | Reached skill level 11 in Fighting
 14672 | Lair:5   | Identified the +1 ring mail "Moelaf Gecic" {Harm rCorr
                  | Str-5}
 15602 | Lair:4   | Received a gift from Trog
 15701 | Lair:4   | Reached skill level 10 in Armour
 16059 | Lair:4   | Reached XP level 15. HP: 92/92 MP: 16/16
 16071 | Lair:4   | Reached skill level 12 in Fighting
 16664 | Lair:3   | Found a white marble altar of Elyvilon.
 17045 | Lair:3   | Found a staircase to the Snake Pit.
 17269 | Lair:3   | Received a gift from Trog
 17270 | Lair:3   | Reached skill level 11 in Armour
 18081 | D:13     | Found a gate to the Vaults.
 18401 | D:14     | You pick up a book of Touch {forbidden} and begin
                  | reading...
 18401 | D:14     | You add the spells Static Discharge, Sticky Flame and
                  | Dispel Undead to your library.
 18434 | D:14     | Reached skill level 13 in Fighting
 18614 | D:14     | Reached skill level 15 in Dodging
 19100 | D:15     | Entered Level 15 of the Dungeon
 19291 | D:15     | Found Pocw's Jewellery Shoppe.
 19359 | D:15     | Noticed Agnes
 19372 | D:15     | Killed Agnes
 19396 | D:15     | Found a staircase to the Depths.
 20239 | Orc:1    | Entered Level 1 of the Orcish Mines
 20265 | Orc:1    | Received a gift from Trog
 20268 | Orc:1    | u - a +6 vorpal quick blade {shortrare=g}
 20334 | Orc:1    | Noticed an orc warlord
 20357 | Orc:1    | Killed an orc warlord
 20366 | Orc:1    | Reached XP level 16. HP: 100/100 MP: 17/17
 20753 | Orc:2    | Entered Level 2 of the Orcish Mines
 20847 | Orc:2    | Found a staircase to the Elven Halls.
 20936 | Orc:2    | Reached skill level 12 in Armour
 20966 | Orc:2    | Found Jyriovom's Assorted Antiques.
 20967 | Orc:2    | Found Veqavis's Antique Weapon Boutique.
 20991 | Orc:2    | Received a gift from Trog
 21027 | Orc:2    | Found Axul's Book Emporium.
 21077 | Orc:2    | Found Kugina's Weapon Shop.
 21082 | Orc:2    | Reached skill level 14 in Fighting
 21145 | Orc:2    | Bought a scroll of blinking for 150 gold pieces
 21471 | Elf:1    | Entered Level 1 of the Elven Halls
 21471 | Elf:1    | Found the ring of the Tortoise {AC+8}
 21471 | Elf:1    | Found a runed translucent gate.
 21471 | Elf:1    | Found a runed translucent gate.
 21471 | Elf:1    | Found a runed translucent gate.
 21471 | Elf:1    | Found a runed translucent gate.
 21471 | Elf:1    | Found a runed translucent gate.
 21471 | Elf:1    | Found a runed translucent gate.
 21472 | Elf:1    | Found a runed translucent door.
 21474 | Elf:1    | Found a runed translucent door.
 21663 | Elf:1    | Received a gift from Trog
 21956 | Elf:1    | You pick up a book of Flames {forbidden} and begin
                  | reading...
 22479 | Elf:2    | Identified the +9 hand axe "Giantbane" {freeze, rC- MP+9
                  | Str-3 Stlth+}
 22576 | Elf:2    | Reached skill level 16 in Dodging
 22675 | Elf:2    | Received a gift from Trog
 22676 | Elf:2    | Reached skill level 13 in Armour
 22679 | Elf:2    | R - a +5 double sword {longrare=g}
 22745 | Elf:2    | You pick up a book of Vapours {forbidden} and begin
                  | reading...
 22745 | Elf:2    | You add the spells Poisonous Vapours and Corpse Rot to your
                  | library.
 22866 | Elf:2    | You add the spells Iskenderun's Mystic Blast, Hailstorm,
                  | Animate Dead and Animate Armour to your library.
 22866 | Elf:2    | Got Witchery, Part Four {forbidden}
 22996 | Elf:2    | Reached XP level 17. HP: 86/107 MP: 18/18
 23209 | Elf:2    | Found a runed translucent gate.
 23210 | Elf:2    | Found a runed translucent gate.
 23210 | Elf:2    | Found a runed translucent gate.
 23275 | Elf:3    | Entered Level 3 of the Elven Halls
 23452 | Elf:3    | Reached skill level 15 in Fighting
 23474 | Elf:3    | Received a gift from Trog
 23606 | Elf:3    | Noticed a Hell Sentinel
 23609 | Elf:3    | Paralysed by an air elemental for 1 turns
 23610 | Elf:3    | Noticed a Hell Sentinel
 23661 | Elf:3    | You pick up a book of Hexes {forbidden} and begin
                  | reading...
 23661 | Elf:3    | You add the spells Cause Fear and Discord to your library.
 23919 | Elf:3    | Identified the +6 halberd of Unreason {freeze, Stlth+}
 23976 | Elf:3    | Noticed a deep elf blademaster
 23995 | Elf:3    | Killed a deep elf blademaster
 24138 | Elf:3    | Reached skill level 14 in Armour
 24406 | Elf:3    | Noticed a deep elf master archer
 24410 | Elf:3    | Received a gift from Trog
 24416 | Elf:3    | Reached skill level 17 in Dodging
 24423 | Elf:3    | Noticed a deep elf master archer
 24431 | Elf:3    | Noticed a deep elf blademaster
 24441 | Elf:3    | Killed a deep elf master archer
 24444 | Elf:3    | Killed a deep elf master archer
 24454 | Elf:3    | Killed a deep elf blademaster
 24477 | Elf:3    | Reached XP level 18. HP: 90/114 MP: 19/19
 24530 | Elf:3    | Could not pick up a +2 executioner's axe of freezing
                  | {axerare=g} here; ([A]lways) ignore it?
 24530 | Elf:3    | Could not pick up a +2 executioner's axe of freezing
                  | {axerare=g} here; ([A]lways) ignore it?
 24530 | Elf:3    | Could not pick up a +2 executioner's axe of freezing
                  | {axerare=g} here; ([A]lways) ignore it?
 24530 | Elf:3    | Could not pick up a +2 executioner's axe of freezing
                  | {axerare=g} here; ([A]lways) ignore it?
 24571 | Elf:3    | Identified the +1 long sword of Grontol {speed, Str+3}
 24571 | Elf:3    | Identified the ring "Witzaij" {rElec rF+ Str+3 Stlth+}
 24572 | Elf:3    | The deep elf archer is wielding a +5 hand crossbow of
                  | flaming and wearing the amulet of Vitality {Regen+ HP+15}.
 24616 | Elf:3    | You drop a +6 vorpal quick blade {shortrare=g}.
 24622 | Elf:3    | u - a +6 vorpal quick blade {shortrare=g}
 24665 | Elf:3    | Noticed a Tzitzimitl
 24696 | Elf:3    | Identified the ring of Giususch {Dex+2 Slay+4}
 24698 | Elf:3    | You drop a +6 vorpal quick blade {shortrare=g}.
 24702 | Elf:3    | Identified the +8 arbalest "Zuothrar" {speed, Int+7}
 24724 | Elf:3    | a +6 vorpal quick blade {shortrare=g}; a +5 hand crossbow
                  | of flaming {crossbow}
 24724 | Elf:3    | a +6 vorpal quick blade {shortrare=g}; a +5 hand crossbow
                  | of flaming {crossbow}
 24724 | Elf:3    | Could not pick up a +6 vorpal quick blade {shortrare=g}
                  | here; ([A]lways) ignore it?
 24857 | Elf:3    | Identified the ring "Lebiaq" {rN+ Will+ Int+2 SInv}
 24873 | Elf:3    | Identified the ring "Lad Ebawo" {Wiz Fly rF+ Str+2 Slay-6}
 24878 | Elf:3    | Identified the +1 scale mail of Pragmatism {-Tele Str+6}
 25028 | Elf:1    | Found a radiant altar of Vehumet.
 25033 | Elf:1    | Identified the +3 tower shield of the Hurricane {Int+2}
 25328 | D:12     | Fell from the grace of Trog
 25328 | D:12     | Became a worshipper of Cheibriados the Contemplative
 25413 | D:12     | Lost mutation: You are robust. (+10% HP) [mutagenic glow]
 25544 | Shoals:1 | Entered Level 1 of the Shoals
 25596 | Shoals:1 | Reached skill level 1 in Shields
 25614 | Shoals:1 | HP: 25/119 [alligator snapping turtle (13)]
 25620 | Shoals:1 | HP: 23/119 [alligator snapping turtle (4)]
 25624 | Shoals:1 | Reached skill level 2 in Shields
 25736 | Shoals:1 | Upgraded the game from 0.29-a0-512-gf59ac788ac to
                  | 0.29-a0-517-gbdf32494f2
 25736 | Shoals:1 | magus.rc [v1.9.6]
 25777 | Shoals:1 | You pick up a book of Burglary and begin reading...
 25819 | Shoals:1 | Reached skill level 3 in Shields
 26002 | Shoals:1 | Reached * piety under Cheibriados
 26046 | Shoals:1 | You pick up a book of Debilitation and begin reading...
 26046 | Shoals:1 | You add the spells Slow, Vampiric Draining and Confusing
                  | Touch to your library.
 26104 | Shoals:1 | Reached skill level 4 in Shields
 26445 | Shoals:1 | Reached skill level 5 in Shields
 26520 | Shoals:2 | You pick up a book of Winter and begin reading...
 26520 | Shoals:2 | You add the spells Ozocubu's Armour, Metabolic Englaciation
                  | and Simulacrum to your library.
 26762 | Shoals:2 | Reached ** piety under Cheibriados
 26894 | Shoals:2 | Reached skill level 6 in Shields
 27251 | Shoals:3 | Reached skill level 7 in Shields
 27370 | Shoals:3 | Reached *** piety under Cheibriados
 27559 | Shoals:4 | Entered Level 4 of the Shoals
 27594 | Shoals:4 | p - quicksilver dragon scales {rare}
 27605 | Shoals:4 | You finish putting on your quicksilver dragon scales
                  | {rare}.
 27610 | Shoals:4 | You finish taking off your quicksilver dragon scales
                  | {rare}.
 27693 | Shoals:4 | Reached skill level 8 in Shields
 27695 | Shoals:4 | Identified the +0 shortbow of Gibob {venom, Fly Will++
                  | Int-5 Stlth+}
 27772 | Shoals:4 | Reached **** piety under Cheibriados
 27805 | Shoals:4 | Got a barnacled rune of Zot
 27920 | Shoals:4 | Reached skill level 9 in Shields
 27933 | Shoals:4 | Reached skill level 1 in Invocations
 27948 | Shoals:4 | Reached skill level 2 in Invocations
 28073 | Shoals:4 | Reached skill level 3 in Invocations
 28089 | Shoals:4 | You pick up a book of Changes and begin reading...
 28089 | Shoals:4 | You add the spells Beastly Appendage and Wereblood to your
                  | library.
 28146 | Shoals:4 | Reached XP level 19. HP: 108/108 MP: 22/22
 28158 | Shoals:4 | Reached ***** piety under Cheibriados
 28166 | Shoals:4 | Learned a level 2 spell: Blink
 28169 | Shoals:4 | Learned a level 2 spell: Wereblood
 28230 | Shoals:4 | Reached skill level 1 in Transmutations
 28237 | Shoals:4 | Reached skill level 4 in Invocations
 28378 | Shoals:4 | You drop quicksilver dragon scales {rare}.
 28389 | Shoals:4 | Reached skill level 2 in Transmutations
 28937 | Vaults:1 | Entered Level 1 of the Vaults
 28947 | Vaults:1 | Found Duiteuwk's Weapon Emporium.
 28975 | Vaults:1 | Reached skill level 3 in Transmutations
 28975 | Vaults:1 | Reached skill level 5 in Invocations
 29103 | Vaults:1 | Identified the ring of Sloth {rF+ rC+ rN+ Str+6 Int+4}
 29232 | Vaults:1 | Reached skill level 4 in Transmutations
 29257 | Vaults:1 | Reached skill level 6 in Invocations
 29420 | Vaults:1 | Reached skill level 5 in Transmutations
 29446 | Vaults:1 | Reached skill level 10 in Shields
 29487 | Vaults:1 | Reached skill level 7 in Invocations
 29621 | Vaults:1 | HP: 29/123 [iron troll[the rage of Trog] (10)]
 29968 | Vaults:1 | Reached skill level 8 in Invocations
 30551 | Vaults:2 | Reached skill level 9 in Invocations
 30878 | Vaults:2 | Reached XP level 20. HP: 113/113 MP: 28/28
 30916 | Vaults:2 | Reached skill level 11 in Shields
 30934 | Vaults:2 | Reached skill level 10 in Invocations
 31011 | Vaults:2 | Reached ****** piety under Cheibriados
 31326 | Vaults:2 | Reached skill level 11 in Invocations
 31741 | Vaults:2 | Found Jodidd's Weapon Shop.
 31943 | Vaults:3 | Noticed Donald
 31955 | Vaults:3 | Killed Donald
 32028 | Vaults:3 | You drop a +5 double sword {longrare=g}.
 32062 | Vaults:3 | Found a crumbling gateway.
 32096 | Desolati | Entered the Desolation of Salt
 32121 | Desolati | Paralysed by Trog for 3 turns
 32285 | Desolati | Identified the ring of the Turtledove {rPois Str+6 Dex+2
                  | SInv}
 32287 | Desolati | Identified the ring of the Harvest {EV+4 Dex+5}
 32298 | Desolati | Identified the +1 long sword "Gempa" {vorpal, Int+6}
 32355 | Desolati | Reached skill level 12 in Invocations
 32409 | Desolati | Reached skill level 12 in Shields
 32435 | Desolati | Identified the ring "Ruottak" {rF+ Str+2}
 32436 | Desolati | Identified the ring of Bemigues {*Slow Fly rN+++ Int-3
                  | Slay+4}
 32452 | Desolati | Identified the +5 scimitar "Iniss" {vamp, Str+4}
 32459 | Desolati | You add the spells Freeze, Call Canine Familiar, Summon
                  | Lightning Spire and Haunt to your library.
 32459 | Desolati | Got Sif Muna's Compendium of the Creative Glacier
 32658 | Desolati | Identified the ring of Nyasawid {rPois Will- Str+4 Dex+6}
 32674 | Desolati | Got the Disquisition on the Voyage and Evil Rituals
 32675 | Desolati | Identified the ring "Pyhy" {Contam rC+ rN+ Dex+7 Stlth-}
 32683 | Desolati | Identified the ring of Kocziod {rElec rF+ rC- Dex+6}
 32829 | Desolati | Reached skill level 6 in Transmutations
 33409 | Vaults:3 | Reached skill level 7 in Transmutations
 33415 | Vaults:3 | Reached skill level 13 in Shields
 33521 | Vaults:3 | Reached skill level 2 in Throwing
 33552 | Vaults:3 | Reached XP level 21. HP: 117/117 MP: 31/31
 33649 | Vaults:3 | You pick up a book of Winter and begin reading...
 33687 | Vaults:3 | Found a staircase to the Crypt.
 33819 | Vaults:3 | Reached skill level 3 in Throwing
 33990 | Vaults:3 | Found Moire's Weapon Shoppe.
 34196 | Vaults:4 | Reached skill level 8 in Transmutations
 34213 | Vaults:4 | Reached skill level 4 in Throwing
 34295 | Vaults:4 | Reached skill level 5 in Throwing
 34651 | Vaults:4 | Reached skill level 14 in Shields
 34731 | Vaults:4 | Found the +1 cloak of Starlight {*Dazzle EV+4 Stlth--}
 35052 | Vaults:4 | Was forgiven by Trog
 35152 | Vaults:4 | Reached skill level 6 in Throwing
 35247 | Vaults:5 | Entered Level 5 of the Vaults
 35372 | Vaults:4 | Reached skill level 7 in Throwing
 35597 | Vaults:5 | Reached skill level 8 in Throwing
 35597 | Vaults:5 | Reached skill level 15 in Shields
 35597 | Vaults:5 | Noticed a golden dragon
 35614 | Vaults:5 | Killed a golden dragon
 35624 | Vaults:5 | Reached XP level 22. HP: 122/122 MP: 32/32
 35644 | Vaults:5 | Noticed a dread lich
 35663 | Vaults:5 | Killed a dread lich
 35797 | Vaults:5 | Reached skill level 16 in Shields
 35996 | Vaults:5 | You pick up a book of the Tundra and begin reading...
 36104 | Vaults:5 | Reached skill level 17 in Shields
 36195 | Vaults:5 | Identified the +1 robe of Grace {Regen+ Str-5 Slay+6
                  | Stlth+}
 36373 | Vaults:5 | You pick up a book of Flames and begin reading...
 36374 | Vaults:5 | Acquired 1358 gold pieces
 36525 | Vaults:5 | Identified the +6 dagger of Dullness {freeze, rC+ rCorr
                  | MP+9 Stlth-}
 36562 | Vaults:5 | Identified the +2 hunting sling "Uqiunex" {vorpal, rElec
                  | MP-9 Dex+6 Stlth+}
 36709 | Vaults:5 | Identified the +0 buckler of the Harvest Moon {Will+ Str+3}
 36713 | Vaults:5 | You add the spells Summon Ice Beast and Borgnjor's
                  | Revivification to your library.
 36713 | Vaults:5 | Got the Incunabulum of Black Arts and Companions
 36717 | Vaults:5 | You pick up a book of Party Tricks and begin reading...
 36717 | Vaults:5 | You add the spells Apportation and Alistair's Intoxication
                  | to your library.
 36755 | Vaults:5 | Noticed an ancient lich
 36767 | Vaults:5 | Killed an ancient lich
 36768 | Vaults:5 | Reached skill level 18 in Shields
 36780 | Vaults:5 | Identified the +7 executioner's axe of Melee {vorpal,
                  | *Corrode rElec Str+4}
 36780 | Vaults:5 | Identified the ring "Wyariech" {rElec rPois Will++ EV+4
                  | Int-3}
 36802 | Vaults:5 | u - the +7 executioner's axe of Melee {vorpal, *Corrode
                  | rElec Str+4, axerare=g}
 36803 | Vaults:5 | You drop the +7 executioner's axe of Melee {vorpal,
                  | *Corrode rElec Str+4, axerare=g}.
 36883 | Vaults:5 | +0 storm dragon scales {rare}; a storm dragon corpse
 37024 | Vaults:5 | You pick up a book of Fire and begin reading...
 37024 | Vaults:5 | You add the spells Fireball, Starburst and Ignition to your
                  | library.
 37044 | Vaults:5 | Got a silver rune of Zot
 37628 | Snake:1  | Entered Level 1 of the Snake Pit
 37628 | Snake:1  | Noticed Louise
 37654 | Snake:1  | Killed Louise
 37658 | Snake:1  | a +3 eveningstar of protection {macerare=g}; a +0 plate
                  | armour; a +0 tower shield
 37665 | Snake:1  | a +3 eveningstar of protection {macerare=g}; a +0 plate
                  | armour; a +0 tower shield
 37665 | Snake:1  | a +3 eveningstar of protection {macerare=g}; a +0 plate
                  | armour; a +0 tower shield
 37665 | Snake:1  | Could not pick up a +3 eveningstar of protection
                  | {macerare=g} here; ([A]lways) ignore it?
 37665 | Snake:1  | Could not pick up a +3 eveningstar of protection
                  | {macerare=g} here; ([A]lways) ignore it?
 37665 | Snake:1  | Could not pick up a +3 eveningstar of protection
                  | {macerare=g} here; ([A]lways) ignore it?
 37665 | Snake:1  | Could not pick up a +3 eveningstar of protection
                  | {macerare=g} here; ([A]lways) ignore it?
 37693 | Snake:1  | a +3 eveningstar of protection {macerare}; a +0 plate
                  | armour; a +0 tower shield
 37865 | Snake:1  | Noticed Mlioglotl
 37876 | Snake:1  | Killed Mlioglotl
 37908 | Snake:1  | You pick up a book of Armaments and begin reading...
 37908 | Snake:1  | You add the spells Stone Arrow and Lehudib's Crystal Spear
                  | to your library.
 37994 | Snake:1  | Identified the +1 hat of Oily the Leaf {Dex+4 Stlth+}
 38046 | Snake:1  | Reached XP level 23. HP: 126/126 MP: 33/33
 38675 | Snake:2  | Found Xuttir's Book Emporium.
 38859 | Snake:2  | Reached skill level 19 in Shields
 39541 | Snake:3  | Reached skill level 15 in Armour
 39750 | Snake:3  | Identified the +5 great sword of Esah {venom, rN++ Str+2}
 40262 | Snake:3  | Acquired 1251 gold pieces
 40718 | Snake:3  | You pick up a book of Misfortune and begin reading...
 40718 | Snake:3  | You add the spells Yara's Violent Unravelling and Enfeeble
                  | to your library.
 40727 | Snake:4  | Entered Level 4 of the Snake Pit
 40732 | Snake:4  | Noticed Vashnia
 40762 | Snake:4  | Killed Vashnia
 41071 | Snake:4  | You pick up a book of Cantrips and begin reading...
 41071 | Snake:4  | You add the spells Necrotize and Summon Small Mammal to
                  | your library.
 41141 | Snake:4  | Reached skill level 18 in Dodging
 41294 | Snake:3  | magus.rc [v1.9.6]
 41513 | Snake:4  | Found a runed translucent gate.
 41513 | Snake:4  | Found a runed translucent gate.
 41513 | Snake:4  | Found a runed translucent gate.
 41936 | Snake:4  | Reached skill level 20 in Shields
 42055 | Snake:4  | Got a serpentine rune of Zot
 42527 | Crypt:1  | Entered Level 1 of the Crypt
 42774 | Crypt:1  | Noticed Frederick
 42785 | Crypt:1  | Killed Frederick
 42792 | Crypt:1  | Noticed Mennas
 42826 | Crypt:1  | Killed Mennas
 42827 | Crypt:1  | Reached XP level 24. HP: 133/133 MP: 33/33
 43330 | Crypt:2  | Noticed a curse skull
 43341 | Crypt:2  | Killed a curse skull
 43342 | Crypt:2  | Reached skill level 16 in Fighting
 44008 | Crypt:2  | Identified the ring of Ewer {Fly rF+ rC- AC+4 Dex+7}
 44359 | Crypt:3  | Entered Level 3 of the Crypt
 44781 | Crypt:3  | Noticed Zenata
 44787 | Crypt:3  | Killed Zenata
 44789 | Crypt:3  | a +5 executioner's axe {axerare=g}; a +0 leather armour
 44805 | Crypt:3  | a +5 executioner's axe {axerare=g}; a +0 leather armour
 44805 | Crypt:3  | a +5 executioner's axe {axerare=g}; a +0 leather armour
 44805 | Crypt:3  | Could not pick up a +5 executioner's axe {axerare=g} here;
                  | ([A]lways) ignore it?
 44805 | Crypt:3  | Could not pick up a +5 executioner's axe {axerare=g} here;
                  | ([A]lways) ignore it?
 44805 | Crypt:3  | Could not pick up a +5 executioner's axe {axerare=g} here;
                  | ([A]lways) ignore it?
 45076 | Crypt:3  | Noticed Margery
 45110 | Crypt:3  | Killed Margery
 45179 | Crypt:3  | Reached skill level 21 in Shields
 45335 | Crypt:3  | Found a basalt altar of Yredelemnul.
 45335 | Crypt:3  | Noticed an ancient lich
 45346 | Crypt:3  | Killed an ancient lich
 45397 | Crypt:3  | You pick up a book of Dangerous Friends and begin
                  | reading...
 45397 | Crypt:3  | You add the spells Summon Guardian Golem, Orb of
                  | Destruction and Spellforged Servitor to your library.
 45470 | Crypt:3  | Identified the +4 broad axe of the Warrior-Mage {chaos,
                  | Dex+3}
 45637 | Crypt:3  | Found a staircase to the Tomb.
 45648 | Crypt:3  | You add the spells Sublimation of Blood and Infestation to
                  | your library.
 45648 | Crypt:3  | Got the Tome of Black Rites
 45665 | Crypt:3  | a +5 executioner's axe {axerare}; a +0 leather armour
 45958 | Depths:1 | Entered Level 1 of the Depths
 46046 | Depths:1 | Reached skill level 19 in Dodging
 46453 | Vaults:3 | a +5 double sword {longrare=g}; a ring of see invisible; a
                  | potion of haste {forbidden@q3}
 46456 | Vaults:3 | O - a +5 double sword {longrare=g}
 46630 | Depths:1 | your +5 double sword {longrare=g} glows red for a moment.
 46631 | Depths:1 | your +6 double sword {longrare=g} glows red for a moment.
 46632 | Depths:1 | your +7 double sword {longrare=g} glows red for a moment.
 46633 | Depths:1 | your +8 double sword {longrare=g} glows red for a moment.
 46678 | Depths:1 | your +9 double sword {longrare=g} projects an invisible
                  | shield of force!
 46678 | Depths:1 | O - a +9 double sword of protection {longrare=g}
 46679 | Depths:1 | your +9 double sword of protection {longrare=g} hums with
                  | potential!
 46679 | Depths:1 | O - a +9 double sword of protection (weapon) {longrare=g}
 46758 | Depths:1 | Found Woxanep's Armour Boutique.
 46868 | Depths:1 | Reached skill level 1 in Long Blades
 46888 | Depths:1 | Found Qoyheol's Jewellery Boutique.
 46889 | Depths:1 | Found Ugemix's Book Emporium.
 46890 | Depths:1 | Found Kichug's Jewellery Boutique.
 46975 | Depths:1 | Found a gateway to Hell.
 46983 | Depths:1 | Reached skill level 2 in Long Blades
 47010 | Depths:1 | Found a sparkling altar of Nemelex Xobeh.
 47138 | Depths:2 | Reached XP level 25. HP: 139/139 MP: 33/33
 47154 | Depths:2 | Reached skill level 3 in Long Blades
 47252 | Depths:2 | Found a one-way gate leading to the halls of Pandemonium.
 47265 | Depths:2 | Reached skill level 4 in Long Blades
 47271 | Depths:2 | Identified a +1 robe of the Archmagi
 47305 | Depths:2 | Reached skill level 5 in Long Blades
 47401 | Depths:2 | Reached skill level 6 in Long Blades
 47468 | Depths:2 | You pick up a book of Party Tricks and begin reading...
 47471 | Depths:2 | Noticed a caustic shrike
 47472 | Depths:2 | Identified the +5 trident of Karma {drain, rElec rC- Dex+9}
 47473 | Depths:2 | Noticed an ancient lich
 47476 | Depths:2 | Killed a caustic shrike
 47482 | Depths:2 | Killed an ancient lich
 47485 | Depths:2 | Reached skill level 7 in Long Blades
 47487 | Depths:2 | Identified the ring of Maxt {Contam rF+ rN+ Int+4}
 47535 | Depths:2 | Reached skill level 8 in Long Blades
 47568 | Depths:2 | Got the Grimoire of the Frostbite and the Blaze
 47583 | Depths:2 | You pick up a book of Burglary and begin reading...
 47935 | Depths:2 | Reached skill level 9 in Long Blades
 48003 | Depths:2 | HP: 31/154 [flayed ghost/flay_damage (9)]
 48006 | Depths:2 | Reached skill level 10 in Long Blades
 48444 | Depths:3 | Reached skill level 11 in Long Blades
 48521 | Depths:3 | Found a one-way gate to the infinite horrors of the Abyss.
 48533 | Depths:3 | Found a one-way gateway to a ziggurat.
 48534 | Depths:3 | Paralysed by a floating eye for 2 turns
 48538 | Depths:3 | Paralysed by a floating eye for 4 turns
 48601 | Depths:4 | Entered Level 4 of the Depths
 48601 | Depths:4 | Noticed Vv
 48629 | Depths:4 | HP: 57/231 [drowned by a water elemental (6)]
 48631 | Depths:4 | Killed Vv
 48634 | Depths:4 | HP: 32/231 [drowned by a water elemental (6)]
 48785 | Depths:4 | HP: 25/154 [poison (poison gas)]
 48792 | Depths:4 | Reached skill level 12 in Long Blades
 48986 | Depths:4 | Found a corrupted altar of Lugonu.
 48990 | Depths:4 | Noticed a juggernaut
 49004 | Depths:4 | Killed a juggernaut
 49165 | Depths:4 | Reached XP level 26. HP: 144/144 MP: 33/33
 49173 | Depths:4 | Reached skill level 13 in Long Blades
 49351 | Depths:4 | Found a gate to the Realm of Zot.
 49695 | Zot:1    | Entered Level 1 of the Realm of Zot
 49804 | Zot:1    | Identified +0 gold dragon scales
 49806 | Zot:1    | +0 gold dragon scales {rare}; a golden dragon corpse
 49806 | Zot:1    | U - +0 gold dragon scales {rare}
 49818 | Zot:1    | You pick up a book of Storms and begin reading...
 49818 | Zot:1    | You add the spells Airstrike and Lightning Bolt to your
                  | library.
 50082 | Zot:1    | Reached skill level 14 in Long Blades
 50603 | Zot:2    | quicksilver dragon scales {rare}; a quicksilver dragon
                  | corpse
 50605 | Zot:2    | quicksilver dragon scales {rare}; a quicksilver dragon
                  | corpse
 50636 | Zot:2    | Identified +0 gold dragon scales
 50675 | Zot:2    | +0 gold dragon scales {rare}; a golden dragon corpse
 50742 | Zot:2    | Noticed a shard shrike
 50790 | Zot:2    | Killed a shard shrike
 50791 | Zot:2    | Reached skill level 15 in Long Blades
 51589 | Zot:3    | Identified +0 gold dragon scales
 51594 | Zot:3    | +0 gold dragon scales {rare}; a golden dragon corpse
 51799 | Zot:3    | +0 shadow dragon scales {rare}; a shadow dragon corpse
 52024 | Zot:4    | Reached skill level 17 in Fighting
 52111 | Zot:4    | Identified +0 gold dragon scales
 52113 | Zot:4    | +0 gold dragon scales {rare}; a golden dragon corpse
 52121 | Zot:4    | HP: 38/160 [red draconian scorcher/damnation (14)]
 52121 | Zot:4    | HP: 15/160 [red draconian scorcher/damnation (23)]
 52122 | Zot:4    | HP: 1/160 [white draconian stormcaller/divine providence
                  | (10)]
 52123 | Zot:4    | Killed from afar by a white draconian stormcaller

Vanquished Creatures
  A dread lich (Vaults:5)
  3 ancient liches
  A juggernaut (Depths:4)
  Mennas (Crypt:1)
  Vv (Depths:4)
  Frederick (Crypt:1)
  A shard shrike (Zot:2)
  Margery (Crypt:3)
  A caustic shrike (Depths:2)
  5 golden dragons
  Vashnia (Snake:4)
  A bone dragon (Crypt:3)
  A hellephant (Zot:2)
  12 tentacled monstrosities
  Mlioglotl (Snake:1)
  5 liches
  Zenata (Crypt:3)
  A deep elf master archer (Elf:3)
  2 deep elf blademasters (Elf:3)
  5 quicksilver dragons
  An ancient champion (Depths:1)
  5 titans
  6 sphinxes
  3 death cobs
  Agnes (D:15)
  7 storm dragons
  11 shadow dragons
  A nagaraja (Snake:4)
  A revenant (Crypt:1)
  9 tengu reavers
  Donald (Vaults:3)
  4 draconian knights
  12 fire giants
  8 frost giants
  14 vault wardens
  5 imperial myrmidons (Desolation)
  Louise (Snake:1)
  A balrug (Depths:1)
  10 deep elf sorcerers
  3 orc warlords
  An iron dragon (Vaults:5)
  4 draconian scorchers
  A draconian stormcaller (Zot:4)
  2 draconian shifters
  17 ironbound preservers
  2 ghouls (Crypt:2)
  A ghost moth (Zot:4)
  A curse skull (Crypt:2)
  4 ironbound thunderhulks
  38 very ugly things
  2 deep elf elementalists (Elf:3)
  19 stone giants
  10 war gargoyles
  3 draconian annihilators
  10 green draconians
  5 deep elf demonologists
  7 vampire knights
  A caustic shrike skeleton (Depths:2)
  A halazid warlock (Desolation)
  11 deep elf annihilators
  10 red draconians
  2 entropy weavers
  8 black draconians
  5 dire elephants
  Azrael (D:13)
  7 purple draconians
  4 white draconians
  A spark wasp (Depths:2)
  6 yellow draconians
  3 crystal guardians (Crypt:3)
  2 jiangshi (Crypt:1)
  14 ettins
  2 eidola
  3 merfolk javelineers (Shoals:4)
  11 merfolk impalers
  Josephine (D:10)
  10 deep elf death magi
  Fannar (D:12)
  12 fire dragons
  15 yaktaur captains
  6 ragged hierophants
  5 deep elf high priests
  A hell beast (Depths:1)
  4 servants of whispers (Desolation)
  26 vault guards
  4 boulder beetles
  8 great orbs of eyes
  4 ice dragons
  3 death knights
  4 merfolk avatars
  6 rakshasas
  10 hydras
  6 ogre magi
  A salamander tyrant (Snake:4)
  6 peacekeepers (Desolation)
  3 satyrs
  2 spriggan air magi
  7 merfolk aquamancers
  3 alligator snapping turtles
  3 catoblepae
  9 ironbound frosthearts
  16 naga warriors
  11 centaur warriors
  8 deep troll earth magi
  10 anacondas
  3 spriggan berserkers
  25 two-headed ogres
  6 vampire magi
  18 dancing weapons
  3 deep troll shamans
  4 death yaks (Lair:5)
  A titan zombie (Crypt:3)
  6 tengu warriors
  A quicksilver ooze zombie (Crypt:2)
  17 naga sharpshooters
  17 hell knights
  2 tentacle zombies (Crypt:2)
  11 deep elf knights
  12 shock serpents
  2 spriggans (Depths:1)
  5 iron trolls
  2 soul eaters
  12 sea snakes
  35 skeletal warriors
  A fire crab (shapeshifter) (D:14)
  12 salamander mystics
  3 glowing orange brains
  A golden dragon zombie (Crypt:3)
  A storm dragon skeleton (Crypt:3)
  7 naga ritualists
  A spark wasp zombie (Depths:2)
  A deep troll (shapeshifter) (Elf:1)
  64 deep trolls
  3 flayed ghosts (Depths:2)
  A quicksilver dragon simulacrum (Depths:1)
  A golden dragon skeleton (Crypt:3)
  24 ironbound convokers
  2 orange crystal statues
  9 harpies
  24 deep elf zephyrmancers
  9 orc knights
  12 deep elf archers
  4 lindwurms
  7 wizards
  6 phantasmal warriors
  11 necromancers
  22 deep elf pyromancers
  51 ugly things
  18 manticores
  14 cyclopes
  A moth of wrath (shapeshifter) (Depths:2)
  11 fauns
  4 orc sorcerers
  19 mana vipers
  42 salamanders
  A cyclops (shapeshifter) (Elf:2)
  A frost giant zombie (Crypt:2)
  44 black mambas
  22 elephants
  7 merfolk sirens
  An ice statue (Snake:3)
  18 moths of wrath
  A draconian skeleton (Crypt:3)
  8 guardian serpents
  9 vault sentinels
  6 naga magi
  3 gargoyles
  10 water nymphs
  14 cane toads
  An unseen horror (shapeshifter) (D:14)
  A demonic crawler (Lair:2)
  3 unseen horrors
  2 centaur skeletons (Crypt:3)
  2 molten gargoyles (Desolation)
  24 yaktaurs
  2 efreet (D:15)
  7 rime drakes
  A rime drake (shapeshifter) (Elf:1)
  3 freezing wraiths
  A komodo dragon (shapeshifter) (D:14)
  4 tengu conjurers (Depths:2)
  4 komodo dragons
  21 polar bears
  26 merfolk
  16 trolls
  6 wind drakes
  4 hornets
  An iron troll skeleton (Crypt:2)
  2 harpy skeletons (Crypt:3)
  11 snapping turtles
  A tarantella zombie (Crypt:1)
  2 dream sheep (D:9)
  33 blink frogs
  A snapping turtle (shapeshifter) (Vaults:5)
  48 saltlings
  29 slime creatures
  A guardian serpent zombie (Crypt:1)
  39 flying skulls
  An ettin skeleton (Crypt:3)
  3 shadows
  A centaur simulacrum (D:12)
  A spriggan (shapeshifter) (Depths:3)
  5 wyverns
  19 water elementals
  2 air elementals (Elf:3)
  5 wraiths
  4 basilisks
  2 basilisks (shapeshifter)
  39 yaks
  2 fire bats (Depths:3)
  5 fire elementals
  A human (D:13)
  Grum (D:10)
  A redback (shapeshifter) (Depths:2)
  2 steam dragons
  6 redbacks
  4 vampire mosquitoes
  2 wargs
  26 nagas
  4 swamp worms (Lair:2)
  2 hydra simulacra (Zot:2)
  4 acid dragons
  19 water moccasins
  3 hell hounds (D:13)
  A sky beast (D:7)
  A dream sheep zombie (Crypt:1)
  A naga skeleton (Crypt:3)
  21 orc warriors
  An ice beast (D:7)
  39 ogres
  3 boggarts (Vaults:1)
  17 black bears
  21 wolves
  2 centaurs
  5 kobold brigands
  2 phantoms
  17 bullfrogs
  Blork the orc (D:5)
  A gnoll sergeant (D:7)
  7 necrophages
  2 earth elementals (Elf:3)
  2 scorpions
  11 wights
  2 troll zombies (D:9)
  12 killer bees (D:8)
  2 spriggan skeletons
  9 electric eels
  7 howler monkeys
  A lava snake (Snake:3)
  A centaur zombie (Crypt:1)
  11 orc priests
  6 hounds
  2 human zombies
  3 jellies
  A scorpion zombie (Crypt:2)
  2 gnoll shamans
  An iguana (D:5)
  5 hell rats (Lair:3)
  18 orc wizards
  4 ogre zombies (D:9)
  An ogre skeleton (Crypt:1)
  3 mummies (Ossuary)
  3 adders
  18 gnolls
  A steam dragon zombie (Crypt:1)
  An ufetubus (D:4)
  A worm (D:2)
  3 dart slugs
  64 orcs
  7 bats
  7 endoplasms
  4 giant cockroaches
  5 goblins
  6 hobgoblins
  4 jackals
  5 quokkas
  10 ball pythons
  A ball python zombie (Crypt:1)
  A butterfly zombie (Crypt:2)
  4 frilled lizards
  A gnoll zombie (Ossuary)
  A goblin skeleton (D:9)
  3 goblin zombies
  2 hobgoblin zombies
  16 kobolds
  A kobold zombie (Ossuary)
  3 orc skeletons (D:9)
  15 orc zombies
  5 rats
  A plant (Lair:1)
2186 creatures vanquished.

Vanquished Creatures (collateral kills)
  A deep elf master archer (Elf:3)
  An orc warlord (Orc:1)
  A deep elf sorcerer (Elf:3)
  2 deep elf elementalists (Elf:3)
  3 deep elf demonologists (Elf:3)
  3 deep elf annihilators (Elf:3)
  A deep elf death mage (Elf:3)
  A deep elf high priest (Elf:3)
  A centaur warrior (D:12)
  A deep elf zephyrmancer (Elf:3)
  2 deep elf pyromancers (Elf:3)
  7 orc warriors
  A worm (D:4)
  4 orcs (Orc:1)
29 creatures vanquished.

Vanquished Creatures (others)
  A vampire knight (Depths:3)
  An ogre mage (Vaults:5)
  A deep elf archer (Elf:2)
  A salamander (Snake:4)
  A water nymph (Shoals:2)
  2 saltlings (Desolation)
  A naga (Snake:3)
  A gnoll (D:7)
  2 orcs (Orc:2)
  A bush (Lair:3)
  17 fungi
  96 plants
125 creatures vanquished.

Grand Total: 2340 creatures vanquished

Table legend:
 A = Non-vault XP
 B = Vault XP
 C = Vault XP percentage of total XP
 D = Non-vault monster count
 E = Vault monster count
 F = Vault count percentage of total count
                 A         B        C        D         E       F
            +---------+---------+-------+---------+---------+-------
      Total |  616081 |  605421 |  49.6 |    1277 |     856 |  40.1
            +---------+---------+-------+---------+---------+-------
        D:1 |      41 |       0 |   0.0 |      23 |       0 |   0.0
        D:2 |      34 |       5 |  12.8 |      17 |       4 |  19.0
        D:3 |      25 |       0 |   0.0 |       8 |       0 |   0.0
        D:4 |     178 |      18 |   9.2 |      24 |       3 |  11.1
        D:5 |     433 |      94 |  17.8 |      14 |       1 |   6.7
        D:6 |     349 |       0 |   0.0 |      23 |       0 |   0.0
        D:7 |    1627 |       0 |   0.0 |      34 |       0 |   0.0
        D:8 |    1952 |      41 |   2.1 |      32 |       1 |   3.0
        D:9 |    1061 |    2530 |  70.5 |      23 |      35 |  60.3
       D:10 |    3790 |    2185 |  36.6 |      17 |       9 |  34.6
       D:11 |    4084 |     683 |  14.3 |      24 |       6 |  20.0
       D:12 |    3716 |   12001 |  76.4 |       9 |      27 |  75.0
       D:13 |    4828 |    7307 |  60.2 |      14 |      15 |  51.7
       D:14 |   13779 |       0 |   0.0 |      21 |       0 |   0.0
       D:15 |    3507 |    2555 |  42.1 |      13 |       2 |  13.3
     Lair:1 |    4141 |       0 |   0.0 |      20 |       0 |   0.0
     Lair:2 |   13740 |    3685 |  21.1 |      55 |      13 |  19.1
     Lair:3 |   12472 |       0 |   0.0 |      42 |       0 |   0.0
     Lair:4 |    7216 |    5048 |  41.2 |      24 |      13 |  35.1
     Lair:5 |   10888 |    1041 |   8.7 |      28 |       5 |  15.2
     Lair:6 |    1153 |       0 |   0.0 |       4 |       0 |   0.0
   Shoals:1 |   10663 |    4957 |  31.7 |      21 |       7 |  25.0
   Shoals:2 |   10562 |       0 |   0.0 |      23 |       0 |   0.0
   Shoals:3 |    9466 |       0 |   0.0 |      19 |       0 |   0.0
   Shoals:4 |   19949 |   20514 |  50.7 |      40 |      35 |  46.7
    Snake:1 |   10687 |    3076 |  22.3 |      21 |       2 |   8.7
    Snake:2 |   17921 |       0 |   0.0 |      35 |       0 |   0.0
    Snake:3 |   18423 |    8636 |  31.9 |      37 |      16 |  30.2
    Snake:4 |   17168 |   47371 |  73.4 |      30 |      71 |  70.3
      Orc:1 |    3187 |       0 |   0.0 |      32 |       0 |   0.0
      Orc:2 |    1491 |   14794 |  90.8 |      17 |      37 |  68.5
      Elf:1 |   18164 |    4789 |  20.9 |      28 |       6 |  17.6
      Elf:2 |   10973 |   11104 |  50.3 |      19 |      14 |  42.4
      Elf:3 |   22811 |   41712 |  64.6 |      39 |      38 |  49.4
   Vaults:1 |   21456 |   25221 |  54.0 |      28 |      36 |  56.2
   Vaults:2 |   45802 |    8182 |  15.2 |      64 |       9 |  12.3
   Vaults:3 |   27440 |   11057 |  28.7 |      41 |      15 |  26.8
   Vaults:4 |   31000 |   34262 |  52.5 |      40 |      38 |  48.7
   Vaults:5 |   26235 |   97526 |  78.8 |      35 |      80 |  69.6
    Crypt:1 |   17741 |    7101 |  28.6 |      33 |       2 |   5.7
    Crypt:2 |   14992 |    2623 |  14.9 |      23 |       4 |  14.8
    Crypt:3 |       0 |   65017 | 100.0 |       0 |     101 | 100.0
   Depths:1 |   29416 |    5146 |  14.9 |      36 |       5 |  12.2
   Depths:2 |    2650 |   83068 |  96.9 |       7 |      89 |  92.7
   Depths:3 |   18478 |    1252 |   6.3 |      26 |       1 |   3.7
   Depths:4 |   27245 |   20462 |  42.9 |      30 |      18 |  37.5
      Zot:1 |   23563 |       0 |   0.0 |      24 |       0 |   0.0
      Zot:2 |   28537 |   14248 |  33.3 |      24 |      12 |  33.3
      Zot:3 |   28388 |       0 |   0.0 |      25 |       0 |   0.0
      Zot:4 |   12659 |       0 |   0.0 |      11 |       0 |   0.0
    Ossuary |       0 |     106 | 100.0 |       0 |      11 | 100.0
 Desolation |       0 |   36004 | 100.0 |       0 |      75 | 100.0
            +---------+---------+-------+---------+---------+-------

Illustrated notes

Table legend:
 A = Kills in this place as a percentage of kills in entire the game.
 B = Kills by you in this place as a percentage of kills by you in the entire game.
 C = Kills by friends in this place as a percentage of kills by friends in the entire game.
 D = Other kills in this place as a percentage of other kills in the entire game.
 E = Experience gained in this place as a percentage of experience gained in the entire game.
 F = Experience gained in this place divided by the number of levels of this place that you have seen.
                   A       B       C       D       E      F
               +-------+-------+-------+-------+-------+----------------------
         Total | 100.0 | 100.0 | 100.0 | 100.0 | 100.0 | 23490.4
       Dungeon |  18.7 |  18.7 |  24.1 |   0.0 |   5.5 | 4454.9
          Lair |   9.6 |   9.7 |   0.0 |   0.0 |   4.9 | 9897.3
        Shoals |   6.8 |   6.9 |   0.0 |  20.0 |   6.2 | 19027.8
     Snake Pit |   9.9 |  10.1 |   0.0 |  20.0 |  10.1 | 30820.5
  Orcish Mines |   4.0 |   3.7 |  24.1 |  20.0 |   1.6 | 9736.0
   Elven Halls |   6.8 |   6.1 |  51.7 |   0.0 |   9.0 | 36517.7
        Vaults |  18.1 |  18.3 |   0.0 |  20.0 |  26.9 | 65636.2
         Crypt |   7.6 |   7.8 |   0.0 |   0.0 |   8.8 | 35824.7
        Depths |   9.9 |  10.1 |   0.0 |  20.0 |  15.4 | 46929.2
           Zot |   4.5 |   4.6 |   0.0 |   0.0 |   8.8 | 26848.8
       Ossuary |   0.5 |   0.5 |   0.0 |   0.0 |   0.0 | 106.0
    Desolation |   3.5 |   3.6 |   0.0 |   0.0 |   2.9 | 36004.0
               +-------+-------+-------+-------+-------+----------------------

Table legend: (Time is in decaauts)
 A = Elapsed time spent in this place.
 B = Non-inter-level travel time spent in this place.
 C = Inter-level travel time spent in this place.
 D = Time resting spent in this place.
 E = Time spent auto-exploring this place.
 F = Levels seen in this place.
 G = Mean time per level.
                   A        B        C        D        E       F      G
               +--------+--------+--------+--------+--------+-----+--------+
         Total |  64733 |  57490 |   7243 |   1273 |  44169 |  52 | 1244.9 |
       Dungeon |  15278 |  12588 |   2690 |    112 |  10406 |  15 | 1018.5 |
          Lair |   5350 |   4558 |    792 |     33 |   3849 |   6 |  891.7 |
        Shoals |   4068 |   3719 |    349 |     62 |   2126 |   4 | 1017.0 |
     Snake Pit |   7728 |   7056 |    672 |    100 |   5932 |   4 | 1932.0 |
  Orcish Mines |   1118 |   1049 |     69 |     12 |    873 |   2 |  559.0 |
   Elven Halls |   3312 |   2989 |    323 |    262 |   1969 |   3 | 1104.0 |
        Vaults |  11535 |  10221 |   1314 |    275 |   7482 |   5 | 2307.0 |
         Crypt |   4876 |   4590 |    286 |     43 |   3765 |   3 | 1625.3 |
        Depths |   5652 |   5183 |    469 |    121 |   3736 |   4 | 1413.0 |
           Zot |   4184 |   3910 |    274 |    117 |   3109 |   4 | 1046.0 |
       Ossuary |    188 |    188 |      0 |      0 |    118 |   1 |  188.0 |
    Desolation |   1439 |   1439 |      0 |    134 |    803 |   1 | 1439.0 |
               +--------+--------+--------+--------+--------+-----+--------+

Top non-repeatable levels by time:
Vaults:2: 2640 daAuts
 Snake:3: 2533 daAuts
Vaults:5: 2378 daAuts
Vaults:1: 2341 daAuts
Vaults:3: 2190 daAuts
 Snake:2: 2132 daAuts
Vaults:4: 1985 daAuts
    D:12: 1921 daAuts
 Crypt:2: 1881 daAuts
 Crypt:3: 1852 daAuts
Depths:4: 1849 daAuts
Depths:2: 1839 daAuts
 Snake:4: 1799 daAuts
   Zot:2: 1622 daAuts
Desolation: 1439 daAuts
